 Dungeon Crawl Stone Soup version 0.30-a0-777-ga9a30cbeda (webtiles) character file.

Game seed: 3260652822283065581

597 jimonade the Ogre Mage (level 7, -1/62 HPs)
             Began as an Ogre Venom Mage on Feb 14, 2023.
             Was an Initiate of Okawaru.
             Splashed by a jelly's acid (7 damage)
             ... on level 6 of the Dungeon.
             The game lasted 00:15:47 (7920 turns).

jimonade the Ogre Mage (Ogre Venom Mage)            Turns: 7920, Time: 00:15:48

Health: -1/62      AC:  0    Str: 15    XL:     7   Next: 40%
Magic:  5/16       EV:  8    Int: 16    God:    Okawaru [......]
Gold:   282        SH:  6    Dex:  9    Spells: 15/18 levels left

rFire   . . .      SeeInvis .    a - +1 flail
rCold   + . .      Faith    .    k - +0 kite shield
rNeg    . . .      Spirit   .    z - +1 robe {rC+}
rPois   .          Reflect  .    (helmet restricted)
rElec   .          Harm     .    (no cloak)
rCorr   .          Rampage  .    (gloves unavailable)
Will    +....                    (boots unavailable)
Stlth   +                        (no amulet)
HPRegen 0.30/turn                i - ring of willpower
MPRegen 0.15/turn                (no ring)

@: corroded
A: large, unfitting armour, tough skin 1
a: Renounce Religion


You were on level 6 of the Dungeon.
You worshipped Okawaru.
Okawaru was noncommittal.
You visited 2 branches of the dungeon, and saw 7 of its levels.

You collected 282 gold pieces.

Inventory:

Hand Weapons
 a - a +1 flail (weapon)
 m - a +0 trident
 p - a +0 short sword of venom
 q - a +0 mace
 u - a +3 dagger
 y - a +0 quarterstaff
Missiles
 f - 40 stones
 v - 3 boomerangs
 B - 4 javelins
Armour
 k - a +0 kite shield (worn)
 z - a +1 robe of cold resistance (worn)
 A - a +0 robe of positive energy
Jewellery
 i - a ring of willpower (left hand)
Scrolls
 h - a scroll of fog
 n - 2 scrolls of teleportation
 r - 2 scrolls of fear
 s - a scroll of immolation {unknown}
 t - a scroll of identify
Potions
 b - a potion of magic
 c - 3 potions of curing
 d - a potion of lignification {unknown}
 e - a potion of brilliance
 g - a potion of haste {unknown}
 j - a potion of cancellation
 l - 3 potions of attraction
 o - a potion of resistance {unknown}
 w - a potion of mutation {unknown}
 x - a potion of heal wounds {unknown}


   Skills:
 + Level 1.1 Fighting
 + Level 1.2 Maces & Flails
 + Level 2.2 Dodging
 - Level 1.4 Stealth
 - Level 6.0 Spellcasting
 * Level 1.1 Conjurations
 - Level 0.8 Transmutations
 * Level 2.4 Air Magic
 + Level 4.4 Poison Magic


You had 15 spell levels left.
You knew the following spells:

 Your Spells              Type           Power      Damage    Failure   Level
a - Sting                 Tmut/Pois      52%        1d5       12%         1
b - Poisonous Vapours     Pois/Air       30%        N/A       14%         2

Your spell library contained the following spells:

 Spells                   Type           Power      Damage    Failure   Level
 Shock                    Conj/Air       40%        1d5       19%         1
 Cigotuvi's Dreadful Rot  Necr/Pois/Air  24%        N/A       22%         2
 Mephitic Cloud           Conj/Pois/Air  13%        N/A       36%         3
 Swiftness                Air            12%        N/A       38%         3
 Olgreb's Toxic Radiance  Pois           19%        N/A       52%         4
 Airstrike                Air            6%         2d(1-17)  80%         4
 Orb of Destruction       Conj           4%         9d5       100%        7
 Summon Guardian Golem    Hex/Summ       Unusable   N/A       N/A         3
 Spellforged Servitor     Conj/Summ      Unusable   N/A       N/A         7

Dungeon Overview and Level Annotations

Branches:
Dungeon (6/15)             Temple (1/1) D:5

Altars:
Ashenzari
Elyvilon
Hepliaklqana
Kikubaaqudgha
Makhleb
Nemelex Xobeh
Okawaru
Trog
Uskayaw
Wu Jian
Yredelemnul
Zin
The Shining One

Shops:
D:6 [


Innate Abilities, Weirdness & Mutations

You are too large for most types of armour.
You have tough skin. (AC +1)


Message History

The jelly barely misses you. The howler monkey hits you.
Casting: Poisonous Vapours (safe; 14% risk of failure)
Confirm with . or Enter, or press ? or * to list all spells.
Aiming: Poisonous Vapours (safe; 14% risk of failure)
Press: ? - help, Dir - move target, f/p - howler monkey
Aim: a howler monkey (almost dead, catching its breath) Poisonous vapours surround the howler monkey!
The howler monkey is poisoned.
You block the howler monkey's attack. You block the jelly's attack.
You thump the howler monkey!
You kill the howler monkey!
Okawaru accepts your kill. The jelly hits you.
You are splashed with acid!
Your Conjurations skill increases to level 1!
You barely miss the jelly. The jelly hits you but does no damage.
The jelly hits you. The acid corrodes you!
You are splashed with acid.
Casting: Poisonous Vapours (safe; 14% risk of failure)
Confirm with . or Enter, or press ? or * to list all spells.
You can't see any susceptible monsters within range! (Use Z to cast anyway.)
The jelly hits you.
You are splashed with acid!
* * * LOW HITPOINT WARNING * * *
Aiming: Sting (safe; 12% risk of failure)
Press: ? - help, Q - select action, (/) - cycle Shift-Dir - straight line, f - jelly
Aim: a jelly (100% to hit)
The sting hits the jelly.
The jelly is poisoned.
The jelly is lightly wounded.
The jelly hits you.
* * * LOW HITPOINT WARNING * * *
You are splashed with acid!
* * * LOW HITPOINT WARNING * * *
Aiming: Sting (safe; 12% risk of failure)
Press: ? - help, Q - select action, (/) - cycle Shift-Dir - straight line, f/p - jelly
Aim: a jelly (lightly wounded, poisoned, 100% to hit)
The sting hits the jelly.
The jelly partially resists.
The jelly looks even sicker.
The jelly is lightly wounded.
The jelly hits you.
* * * LOW HITPOINT WARNING * * *
You are splashed with acid!
You die...

###+#..........#
#..............#
#..............#
..............#####
..............#
..............#
>...####......# ..h.
......†..# ###
#...†@.#########
#...J..#..#....#
+......#..#....#######
#......+..+...........
#......#'##...........
#######.............<.
#...............
#...............
#...............


You could see a jelly (very poisoned).

Vanquished Creatures
  A scorpion (D:6)
  A howler monkey (D:6)
  2 orc priests (D:3)
  2 jellies
  A gnoll bouda (D:4)
  An iguana (D:6)
  4 orc wizards
  8 gnolls (D:4)
  4 adders
  A shadow imp (D:5)
  An ufetubus (D:4)
  A worm (D:3)
  A dart slug (D:3)
  19 orcs
  7 ball pythons
  6 endoplasms
  4 giant cockroaches
  5 hobgoblins
  A jackal (D:3)
  6 quokkas
  4 bats
  6 frilled lizards
  8 goblins
  2 kobolds
  3 rats
99 creatures vanquished.

Notes
Turn   | Place    | Note
-------+----------+-------------------------------------------
     0 | D:1      | jimonade the Ogre Venom Mage began the quest for the Orb.
     0 | D:1      | Reached XP level 1. HP: 16/16 MP: 3/3
   205 | D:1      | Reached XP level 2. HP: 24/24 MP: 0/5
   371 | D:1      | Reached skill level 3 in Spellcasting
   762 | D:1      | Found a faded altar of an unknown god.
   834 | D:1      | Reached XP level 3. HP: 28/31 MP: 0/7
  2174 | D:2      | Reached XP level 4. HP: 26/40 MP: 6/9
  2228 | D:2      | Learned a level 2 spell: Poisonous Vapours
  2278 | D:3      | Reached skill level 4 in Spellcasting
  3182 | D:3      | Reached XP level 5. HP: 46/46 MP: 6/11
  3755 | D:3      | Found a basalt altar of Yredelemnul.
  4660 | D:4      | Reached skill level 5 in Spellcasting
  5188 | D:4      | Reached skill level 1 in Maces & Flails
  5196 | D:4      | Reached skill level 1 in Air Magic
  5196 | D:4      | Reached XP level 6. HP: 54/54 MP: 1/13
  5991 | D:4      | Reached skill level 1 in Fighting
  6384 | D:4      | Reached skill level 6 in Spellcasting
  6729 | D:5      | Entered Level 5 of the Dungeon
  6735 | D:5      | Reached XP level 7. HP: 59/62 MP: 11/16
  6770 | D:5      | Found a staircase to the Ecumenical Temple.
  6788 | Temple   | Entered the Ecumenical Temple
  6852 | Temple   | Became a worshipper of Warmaster Okawaru
  7616 | D:6      | Found Henlup's Antique Armour Boutique.
  7917 | D:6      | Reached skill level 1 in Conjurations
  7920 | D:6      | Splashed by a jelly's acid

Illustrated notes

Levels and vault maps discovered:
D:1:      lightli_arrival_statuegarden, layout_basic,
          hellmonk_ecumenical_altar_heavens_door
D:2:      layout_loops_ring
D:3:      layout_rooms, yredelemnul_altar_generic, hangedman_decor_growths,
          minmay_diced_spiral
D:4:      layout_loops_ring
D:5:      layout_loops_ring, minmay_temple_entry_water_ring
D:6:      layout_gridville, grunt_gozag_breadcrumbs, serial_shops,
          nicolae_shop_hallway_plus, amethyst_killhole
Temple:   nicolae_temple_superstar

Skill      XL: |  1  2  3  4  5  6  7 |
---------------+----------------------+-----
Spellcasting   | 3 4 5 6 |  6.0
Poison Magic   | 3 4 |  4.4
Maces & Flails | 1 |  1.2
Dodging        | 2 |  2.2
Air Magic      | 1 2 |  2.4
Fighting       | 1 |  1.1
Conjurations   | 1 |  1.1
Stealth        | |  1.4
Transmutations | |  0.8

Action                     |  1- 3 |  4- 6 |  7- 9 || total
---------------------------+-------+-------+-------++-------
  Melee: Unarmed           |    15 |       |       ||    15
         Trident           |     1 |       |       ||     1
         Mace              |       |    53 |       ||    53
         Flail             |       |     7 |    21 ||    28
         Punch             |       |     1 |       ||     1
   Cast: Sting             |    84 |    37 |     9 ||   130
         Poisonous Vapours |       |   100 |    10 ||   110
    Use: Potion            |       |     1 |       ||     1
         Scroll            |       |       |    11 ||    11
 Armour: Robe              |    13 |    27 |     7 ||    47
  Dodge: Dodged            |    25 |    60 |    13 ||    98
  Block: Kite shield       |       |       |     5 ||     5

Table legend: (Time is in decaauts)
 A = Elapsed time spent in this place.
 B = Non-inter-level travel time spent in this place.
 C = Inter-level travel time spent in this place.
 D = Time resting spent in this place.
 E = Time spent auto-exploring this place.
 F = Levels seen in this place.
 G = Mean time per level.
                   A        B        C        D        E       F      G
               +--------+--------+--------+--------+--------+-----+--------+
         Total |   7970 |   7708 |    262 |   1692 |   4583 |   7 | 1138.6 |
       Dungeon |   7894 |   7642 |    252 |   1692 |   4532 |   6 | 1315.7 |
        Temple |     75 |     65 |     10 |      0 |     51 |   1 |   75.0 |
               +--------+--------+--------+--------+--------+-----+--------+

Top non-repeatable levels by time:
     D:2: 2226 daAuts
     D:4: 1878 daAuts
     D:3: 1345 daAuts
     D:1: 1344 daAuts
     D:5: 769 daAuts
     D:6: 331 daAuts
  Temple: 75 daAuts
